 Dungeon Crawl Stone Soup version 0.29.1-12-g30fa7ad0bf (webtiles) character file.

Game seed: 3895280846804126880

125105 cheesebisquit the Warrior (level 16, -3/155 HPs)
             Began as a Minotaur Berserker on Dec 29, 2022.
             Was a High Priest of Trog.
             Slain by a tarantella (9 damage)
             ... on level 2 of the Spider Nest on Dec 30, 2022.
             The game lasted 02:17:32 (24114 turns).

cheesebisquit the Warrior (Minotaur Berserker)     Turns: 24114, Time: 02:17:33

Health: -3/155     AC: 41    Str: 33    XL:     16   Next: 40%
Magic:  15/15      EV:  9    Int:  7    God:    Trog [*****.]
Gold:   2170       SH:  0    Dex:  9    Spells: 15/15 levels left

rFire   . . .      SeeInvis .   X - +6 eveningstar (vorpal)
rCold   + . .      Faith    .   h - +2 kite shield {rPois}
rNeg    + . .      Spirit   .   t - +10 plate armour of the Gloaming {rC+ Regen+ Int+3 Dex-2}
rPois   +          Reflect  +   (helmet restricted)
rElec   +          Harm     .   v - +1 cloak
rCorr   .          Rampage  .   M - +2 pair of gloves
Will    +++..                   r - +2 pair of boots
Stlth   ..........              k - amulet "Rele" {Reflect Str+4 SH+5}
HPRegen 2.15/turn               f - +4 ring of protection
MPRegen 0.14/turn               s - ring "Wuis Rost" {Contam rElec rPois rN+}

@: confused, mighty, strong-willed, regenerating, studying Axes, unable to drink
A: horns 2, retaliatory headbutt, inability to drink after injury 1
a: Renounce Religion, Berserk, Trog's Hand, Brothers in Arms


You were on level 2 of the Spider Nest.
You worshipped Trog.
Trog was extremely pleased with you.
You visited 4 branches of the dungeon, and saw 24 of its levels.
You also visited: Sewer.

You collected 2509 gold pieces.
You spent 339 gold pieces at shops.

Inventory:

Hand Weapons
 a - a +3 war axe
 c - a +0 sling
 X - a +6 vorpal eveningstar (weapon)
Missiles
 e - 8 curare-tipped darts (quivered)
 j - 6 atropa-tipped darts
 x - 65 poisoned darts
 U - 2 throwing nets
 Y - 4 silver javelins
Armour
 h - a +2 kite shield of poison resistance (worn)
 r - a +2 pair of boots (worn)
 t - the +10 plate armour of the Gloaming (worn) {rC+ Regen+ Int+3 Dex-2}
   (You acquired it on level 8 of the Dungeon)

   Int:       It affects your intelligence (+3).
   Dex:       It affects your dexterity (-2).
   rC:        It protects you from cold.
   Regen:     It increases your rate of health regeneration.
 v - a +1 cloak (worn)
 M - a +2 pair of gloves (worn)
Jewellery
 f - a +4 ring of protection (left hand)
 i - a ring of see invisible
 k - the amulet "Rele" (around neck) {Reflect Str+4 SH+5}
   (You acquired it on level 8 of the Dungeon)

   [amulet of reflection]

   It reflects blocked missile attacks.
   Str:       It affects your strength (+4).
   SH:        It affects your SH (+5).
 q - a ring of flight
 s - the ring "Wuis Rost" (right hand) {Contam rElec rPois rN+}
   (You found it on level 3 of the Dungeon)

   [ring of positive energy]

   rElec:     It insulates you from electricity.
   rPois:     It protects you from poison.
   rN:        It protects you from negative energy.
   Contam:    It causes magical contamination when unequipped.
 w - a +4 ring of protection
 J - a ring of protection from fire
 K - the ring "Tabid" {Fly Dex+3}
   (You found it on level 6 of the Dungeon)

   [ring of flight]

   Dex:       It affects your dexterity (+3).
   Fly:       It grants you flight.
Wands
 b - a wand of paralysis (5)
 E - a wand of polymorph (7)
 G - a wand of acid (10)
 O - a wand of flame (39)
 P - a wand of roots (16)
 R - a wand of digging (7)
Scrolls
 d - 8 scrolls of fear
 o - 10 scrolls of teleportation
 p - 2 scrolls of poison
 u - 6 scrolls of immolation
 y - 4 scrolls of fog
 A - 5 scrolls of magic mapping
 D - a scroll of brand weapon
 F - 2 scrolls of enchant armour
 H - a scroll of summoning
 I - 2 scrolls of silence
 L - a scroll of torment
 W - 4 scrolls of identify
 Z - a scroll of blinking
Potions
 g - 7 potions of attraction
 l - 4 potions of lignification
 m - 13 potions of flight
 z - 5 potions of mutation
 B - a potion of invisibility
 N - 4 potions of ambrosia
 Q - 3 potions of haste
 S - a potion of cancellation
 T - 2 potions of curing
 V - a potion of berserk rage


   Skills:
 + Level 17.0 Fighting
 - Level 16.7(18.4) Axes
 + Level 13.2(16.7) Maces & Flails
 + Level 16.8 Armour
 - Level 5.4 Dodging
 - Level 16.5 Shields


You had 15 spell levels left.
You didn't know any spells.
Your spell library was empty.

Dungeon Overview and Level Annotations

Branches:
Dungeon (15/15)            Temple (0/1) D:5            Lair (5/5) D:9
 Shoals (0/4) Lair:2       Spider (2/4) Lair:3        Slime (0/5) Lair:5
    Orc (2/2) D:11            Elf (0/3) Orc:2        Vaults (0/5) D:14
 Depths (0/4) D:15          Sewer (visited)

Altars:
Cheibriados
Makhleb
Okawaru
Sif Muna
Yredelemnul
The Shining One
Jiyva

Shops:
D:2 !*   D:6 (   D:9 *   D:10 [   D:13 (   D:14 :   D:15 (   Orc:2 ![*(

Annotations:
D:8 3 runed translucent doors, Jingleheimer's ghost, novice DsFi; Kintaro's ghost, novice TrGl


Innate Abilities, Weirdness & Mutations

You have a pair of horns on your head.
You reflexively headbutt those who attack you in melee.
You occasionally lose the ability to drink potions when taking damage.


Message History

You feel threatened and lose the ability to drink potions!
* * * LOW HITPOINT WARNING * * *
The tarantella barely misses you.
You bump into the rock wall.
The culicivora completely misses you.
The tarantella touches you but does no damage.
The jorogumo hits you but does no damage.
The culicivora bites you!
* * * LOW HITPOINT WARNING * * *
The culicivora draws strength from your injuries!
You are too confused!
You cannot drink potions in your current state!
You're too confused to move!
The tarantella touches you.
* * * LOW HITPOINT WARNING * * *
You are more confused.
The jorogumo hits you but does no damage.
The culicivora bites you but does no damage.
The tarantella touches you but does no damage.
The jorogumo barely misses you.
You are too confused!
You miss the culicivora. Your headbutt misses the culicivora.
The culicivora bites you!
* * * LOW HITPOINT WARNING * * *
The culicivora draws strength from your injuries!
The tarantella touches you but does no damage.
You are too confused!
You cannot drink potions in your current state!
You bludgeon the jorogumo!! Your headbutt misses the jorogumo.
The jorogumo is moderately wounded.
The culicivora completely misses you.
The jorogumo hits you but does no damage.
The tarantella touches you.
* * * LOW HITPOINT WARNING * * *
You are more confused.
You are too confused!
You cannot drink potions in your current state!
You miss the tarantella.
The tarantella is heavily wounded.
The culicivora bites you but does no damage.
The tarantella touches you!
You die...

.^. .. ## ..# ... .: ..
..#... #. .#..#.. ###.
.....# ..
#...###.#..#...
[..###..#..#.......#
...#.#..#s.s@# .##
#...#.....Hs#....
.........††.....^.
###.!.^...#..#^## #
#.#†(.........# #>
#.†^#...........
.#..###......^..^.....#
......^.....###########
...........#....


You could see a jorogumo, an orb spider, a culicivora and a tarantella.

Vanquished Creatures
  A storm dragon (D:11)
  A ghost moth (Spider:1)
  A broodmother (Spider:1)
  2 entropy weavers
  A fire dragon (D:15)
  4 ettins
  2 centaur warriors
  4 boulder beetles
  12 hydras
  2 ice dragons
  2 catoblepae
  An ogre mage (D:15)
  8 death yaks
  2 dancing weapons (D:14)
  9 two-headed ogres
  2 death knights
  A deep troll shaman (Lair:5)
  6 tengu warriors
  4 orc high priests
  Urug (Lair:3)
  Sonja (Lair:3)
  A deep elf knight (D:15)
  3 pharaoh ants
  A sun moth (Spider:2)
  2 phantasmal warriors
  A flayed ghost (D:11)
  A wizard (D:15)
  4 orb spiders
  A steelbarb worm (Spider:2)
  A glowing orange brain (shapeshifter) (D:13)
  A lindwurm (Lair:5)
  8 deep elf pyromancers
  Pikel (D:4)
  13 ugly things
  2 orc knights
  3 cyclopes
  2 orc sorcerers (Orc:2)
  11 wolf spiders
  5 deep elf zephyrmancers
  2 moths of wrath
  5 elephants (Lair:5)
  A torpor snail (shapeshifter) (D:14)
  5 manticores
  4 torpor snails
  3 black mambas
  2 gargoyles
  11 cane toads
  2 unseen horrors
  2 kobold demonologists
  3 rime drakes
  A tengu conjurer (D:15)
  9 komodo dragons
  4 demonic crawlers (Spider:1)
  4 polar bears
  A hornet (D:11)
  9 meliai
  8 trolls
  18 slime creatures
  11 blink frogs
  18 tarantellas
  12 culicivoras
  4 jumping spiders
  3 shadows
  A vampire (D:13)
  4 water elementals (D:13)
  38 yaks
  2 wyverns
  4 basilisks
  5 wraiths
  A steam dragon (D:9)
  24 redbacks
  4 wargs (Orc:1)
  4 vampire mosquitoes (D:14)
  An acid dragon (D:13)
  22 water moccasins
  2 sky beasts
  27 orc warriors
  5 black bears
  6 ogres
  3 boggarts (D:14)
  11 wolves
  4 centaurs
  3 phantoms
  3 kobold brigands
  13 bullfrogs
  A gnoll sergeant (D:6)
  2 necrophages
  3 wights (D:8)
  4 scorpions
  21 killer bees
  2 howler monkeys (D:9)
  5 electric eels
  10 hounds
  37 orc priests
  2 gnoll boudas
  8 iguanas
  Terence (D:2)
  37 orc wizards
  Robin (D:2)
  18 gnolls
  12 adders
  4 river rats (Sewer)
  2 white imps
  2 ufetubi (D:5)
  2 worms
  3 dart slugs
  67 orcs
  11 bats
  5 endoplasms
  6 giant cockroaches
  8 goblins
  16 hobgoblins
  2 jackals (Sewer)
  3 quokkas (D:5)
  11 ball pythons
  8 frilled lizards
  17 kobolds
  2 rats
  A bush (D:7)
791 creatures vanquished.

Vanquished Creatures (others)
  A tarantella (Spider:2)
  A culicivora (Spider:2)
  A redback (Spider:2)
  An orc priest (Orc:2)
  2 orcs (D:8)
  2 kobolds (D:6)
  15 fungi
  70 plants
93 creatures vanquished.

Grand Total: 884 creatures vanquished

Notes
Turn   | Place    | Note
-------+----------+-------------------------------------------
     0 | D:1      | cheesebisquit the Minotaur Berserker began the quest for
                  | the Orb.
     0 | D:1      | Reached XP level 1. HP: 19/19 MP: 0/0
   555 | D:1      | Found a faded altar of an unknown god.
  1224 | D:2      | Reached XP level 2. HP: 22/27 MP: 1/1
  1334 | D:2      | Noticed Robin
  1342 | D:2      | Reached skill level 4 in Fighting
  1345 | D:2      | Killed Robin
  1346 | D:2      | Reached XP level 3. HP: 29/33 MP: 2/2
  1583 | D:2      | Noticed Terence
  1589 | D:2      | Killed Terence
  1590 | D:2      | Reached XP level 4. HP: 41/41 MP: 3/3
  1733 | D:2      | Found Ehezedis's General Store.
  1741 | D:2      | Bought a scroll of identify for 26 gold pieces
  1741 | D:2      | Bought a scroll of identify for 26 gold pieces
  1933 | D:2      | Found a glowing golden altar of the Shining One.
  1995 | D:2      | Found Zydo's Distillery.
  2432 | D:3      | Reached XP level 5. HP: 47/47 MP: 4/4
  2595 | D:3      | Reached ** piety under Trog
  2708 | D:3      | Identified the ring "Wuis Rost" {Contam rElec rPois rN+}
  3344 | D:4      | Reached skill level 5 in Fighting
  3344 | D:4      | Reached skill level 5 in Axes
  3499 | D:4      | Reached XP level 6. HP: 55/56 MP: 5/5
  3537 | D:4      | Noticed Pikel
  3556 | D:4      | Killed Pikel
  3557 | D:4      | Reached skill level 6 in Fighting
  3557 | D:4      | Reached skill level 5 in Armour
  3557 | D:4      | Reached XP level 7. HP: 63/63 MP: 6/6
  3795 | D:4      | Reached skill level 5 in Dodging
  4153 | D:5      | Entered Level 5 of the Dungeon
  4210 | D:5      | Reached XP level 8. HP: 71/71 MP: 7/7
  4255 | D:5      | Found a staircase to the Ecumenical Temple.
  4581 | D:5      | Found a glowing drain.
  4585 | Sewer    | Entered a sewer
  4860 | Sewer    | Reached *** piety under Trog
  5478 | D:6      | Gained mutation: You occasionally lose the ability to drink
                  | potions when taking damage. [mutagenic glow]
  5526 | D:6      | Found a shimmering blue altar of Sif Muna.
  5789 | D:6      | Found an iron altar of Okawaru.
  6040 | D:6      | Identified the +0 leather armour "Aroam" {+Blink Slay+2
                  | SInv}
  6106 | D:6      | Reached skill level 10 in Axes
  6162 | D:6      | Identified the ring "Tabid" {Fly Dex+3}
  6170 | D:6      | Found Aripas Sout's Antique Weapon Boutique.
  6428 | D:6      | Reached XP level 9. HP: 37/78 MP: 8/8
  7948 | D:7      | Found a snail-covered altar of Cheibriados.
  7992 | D:7      | Found a basalt altar of Yredelemnul.
  7992 | D:7      | Found a burning altar of Makhleb.
  8381 | D:8      | Noticed a komodo dragon
  8391 | D:8      | Killed a komodo dragon
  8661 | D:8      | Reached XP level 10. HP: 84/84 MP: 9/9
  8939 | D:8      | Noticed a two-headed ogre
  8949 | D:8      | Killed a two-headed ogre
  8950 | D:8      | Reached skill level 15 in Axes
  9414 | D:8      | Found a runed translucent gate.
  9416 | D:8      | Found a runed translucent gate.
  9417 | D:8      | Found a runed translucent gate.
  9418 | D:8      | Noticed Kintaro's ghost (novice TrGl)
  9418 | D:8      | Noticed Jingleheimer's ghost (novice DsFi)
  9694 | D:8      | Identified 2 scrolls of acquirement
  9695 | D:8      | Acquired the amulet "Rele" {Reflect Str+4 SH+5}
  9707 | D:8      | Acquired the +10 plate armour of the Gloaming {rC+ Regen+
                  | Int+3 Dex-2}
  9882 | D:9      | Acquired a +2 kite shield of poison resistance
  9897 | D:9      | Found a glowing golden altar of the Shining One.
  9925 | D:9      | Found Bunlyxzi's Gadget Gallery.
  9941 | D:9      | Reached skill level 1 in Shields
  9963 | D:9      | Found a staircase to the Lair.
 10445 | D:10     | Entered Level 10 of the Dungeon
 10450 | D:10     | Noticed a two-headed ogre
 10454 | D:10     | Reached skill level 5 in Shields
 10458 | D:10     | Killed a two-headed ogre
 10458 | D:10     | Reached **** piety under Trog
 10459 | D:10     | Reached XP level 11. HP: 91/91 MP: 10/10
 10560 | D:10     | Found Unupta's Antique Armour Shoppe.
 10607 | D:10     | Identified the -2 pair of boots "Jate" {Str-5 Dex+6}
 10631 | D:10     | You fall into a shaft and drop 1 floor!
 10950 | D:11     | Noticed a four-headed hydra
 10952 | D:11     | Noticed a death knight
 10952 | D:11     | Noticed a red ugly thing
 10953 | D:11     | Noticed a deep elf pyromancer
 10960 | D:11     | Killed a four-headed hydra
 10960 | D:11     | Noticed a cyan ugly thing
 10971 | D:11     | Killed a death knight
 10971 | D:11     | Noticed a tengu warrior
 10994 | D:11     | Noticed a two-headed ogre
 11003 | D:10     | Killed a two-headed ogre
 11133 | D:11     | Reached skill level 10 in Shields
 11142 | D:11     | Killed a deep elf pyromancer
 11340 | D:11     | Found a staircase to the Orcish Mines.
 11376 | D:11     | Noticed a four-headed hydra
 11392 | D:11     | Killed a four-headed hydra
 11540 | D:11     | Killed a brown ugly thing
 11544 | D:11     | Killed a red ugly thing
 11569 | D:11     | Identified the +11 long sword "Tiry" {freeze, rElec}
 11587 | D:11     | Killed a tengu warrior
 11636 | D:11     | Noticed a catoblepas
 11636 | D:11     | Noticed a storm dragon
 11636 | D:11     | Noticed a tengu warrior
 11637 | D:11     | Noticed an ettin
 11658 | D:11     | Killed a tengu warrior
 11674 | D:11     | Killed a storm dragon
 11675 | D:11     | Reached XP level 12. HP: 56/97 MP: 11/11
 11711 | D:11     | Killed a catoblepas
 11723 | D:11     | Killed an ettin
 11791 | D:11     | Noticed an ettin
 11851 | D:11     | Noticed an ettin
 11858 | D:11     | Killed an ettin
 11904 | D:11     | Killed an ettin
 11905 | D:11     | Reached skill level 15 in Shields
 11948 | D:11     | Noticed an ice dragon
 11961 | D:11     | Killed an ice dragon
 12313 | D:12     | Reached skill level 7 in Fighting
 12361 | D:12     | Noticed a six-headed hydra
 12371 | D:12     | Killed a six-headed hydra
 12407 | D:12     | Noticed a four-headed hydra
 12419 | D:12     | Killed a four-headed hydra
 12420 | D:12     | Reached skill level 8 in Fighting
 12617 | D:12     | Noticed a boulder beetle
 12640 | D:12     | Killed a boulder beetle
 12807 | Lair:1   | Entered Level 1 of the Lair of Beasts
 12923 | Lair:1   | Noticed an eight-headed hydra
 12934 | Lair:1   | Killed an eight-headed hydra
 12935 | Lair:1   | Reached XP level 13. HP: 97/108 MP: 12/12
 13055 | Lair:1   | Reached skill level 9 in Fighting
 13195 | Lair:1   | Identified the +6 great sword of the Mauling Gods {pain,
                  | Fly rF+ Dex-4 SInv}
 13847 | Lair:2   | Reached skill level 10 in Fighting
 13933 | Lair:2   | Found a staircase to the Shoals.
 14122 | Lair:2   | Reached skill level 10 in Armour
 14553 | Lair:3   | Identified the +3 scale mail "Lyropocu" {rF+}
 14619 | Lair:3   | Found a hole to the Spider Nest.
 14684 | Lair:3   | Reached skill level 11 in Fighting
 14730 | Lair:3   | Noticed Urug
 14742 | Lair:3   | Killed Urug
 14868 | Lair:3   | Identified the +6 quarterstaff "Lepsit" {vorpal, rElec
                  | rPois rC+ Dex-2}
 14942 | Lair:3   | Noticed Sonja
 14948 | Lair:3   | Reached skill level 1 in Maces & Flails
 14996 | Lair:3   | Killed Sonja
 15840 | Lair:4   | Reached skill level 12 in Fighting
 16305 | Lair:5   | Entered Level 5 of the Lair of Beasts
 16314 | Lair:5   | Reached XP level 14. HP: 126/126 MP: 13/13
 16458 | Lair:5   | Reached skill level 5 in Maces & Flails
 16743 | Lair:5   | Reached skill level 13 in Fighting
 17302 | Lair:5   | Found a viscous altar of Jiyva.
 17302 | Lair:5   | Found a staircase to the Slime Pits.
 17784 | Orc:1    | Entered Level 1 of the Orcish Mines
 18054 | Orc:2    | Entered Level 2 of the Orcish Mines
 18057 | Orc:2    | Paralysed by an orc sorcerer for 4 turns
 18091 | Orc:1    | Reached ***** piety under Trog
 18581 | Orc:2    | Reached skill level 14 in Fighting
 18822 | Orc:2    | Received a gift from Trog
 19024 | Orc:2    | Found a staircase to the Elven Halls.
 19133 | Orc:2    | Found Xofrynn's General Store.
 19133 | Orc:2    | Found Neubboc's Antique Weapon Boutique.
 19134 | Orc:2    | Found Ycsuts's Antique Armour Shop.
 19137 | Orc:2    | Found Najaoh's Distillery.
 19154 | Orc:2    | Bought a scroll of blinking for 105 gold pieces
 19167 | Orc:2    | Bought a potion of heal wounds for 65 gold pieces
 19167 | Orc:2    | Bought a potion of heal wounds for 65 gold pieces
 19167 | Orc:2    | Bought a potion of might for 52 gold pieces
 19437 | D:13     | Reached XP level 15. HP: 138/139 MP: 14/14
 19693 | D:13     | Found Xihiecua's Weapon Shoppe.
 20539 | D:14     | Reached skill level 10 in Maces & Flails
 20560 | D:14     | Reached skill level 15 in Fighting
 20891 | D:14     | Found a gate to the Vaults.
 21065 | D:14     | Found Peiryll's Book Shop.
 21146 | D:15     | Entered Level 15 of the Dungeon
 21275 | D:15     | Reached skill level 15 in Armour
 21418 | D:15     | Found Noargh's Antique Weapon Shoppe.
 21774 | D:15     | Found a staircase to the Depths.
 22533 | Spider:1 | Entered Level 1 of the Spider Nest
 22549 | Lair:3   | Reached skill level 16 in Fighting
 22698 | Spider:1 | Reached XP level 16. HP: 151/151 MP: 15/15
 22945 | Spider:1 | Received a gift from Trog
 24092 | Spider:2 | Reached skill level 17 in Fighting
 24112 | Spider:2 | HP: 5/155 [culicivora[a jorogumo] (7)]
 24114 | Spider:2 | Slain by a tarantella

Illustrated notes

Levels and vault maps discovered:
D:1:      evilmike_arrival_hilbert_curve, layout_basic,
          shapermc_ecumenical_altar_rom_forum, hangedman_abyss_or_decor_stabs,
          grunt_decor_arrowhead, kennysheep_minor_cross, supply_closet_lemuel
D:2:      layout_rooms, serial_shops, nicolae_shop_advertising_works
          [nicolae_subvault_shop_adworks], shop, basic_altar, uniq_terence,
          uniq_robin
D:3:      layout_basic
D:4:      layout_basic, uniq_pikel
D:5:      layout_rooms, minmay_temple_entry_hall, gup_sewer_entry_spiral,
          corexii_item_surrounded_by_moat
D:6:      layout_cave_pools, lemuel_tele_altar, mainiacjoe_overflow_brackets,
          serial_gnoll_camp, gnoll_camp_mini_doghouse, gnoll_camp_mini_hut,
          gnoll_camp_mini_loothouse, gnoll_camp_mini_shop, gnoll_camp_mini_hut,
          roderic_serpentine_path
D:7:      layout_loops_ring, gammafunk_temple_overflow_pools,
          general_overflow_altar, kb_lookout_dungeons_type
D:8:      layout_loops_corners, serial_bayou, serial_bayou_shore_b,
          serial_bayou_pond_c, serial_bayou_shore_b, serial_bayou_pond_c,
          serial_bayou_lagoon_b, gammafunk_ghost_cemetery, minmay_lizard_king
D:9:      layout_big_octagon, mainiacjoe_overflow_chevrons, dpeg_oklobed_lair,
          nicolae_shop_gadgets
D:10:     layout_rooms, serial_shops, nicolae_take_the_stairs
D:11:     minmay_tearing_corner, layout_cave_pools, orc_0_dummy,
          grunt_ministairs_13
D:12:     layout_irregular_city
D:13:     layout_layer_cave, serial_shops, shop, drop_trap,
          nicolae_underground_beach
D:14:     minmay_evil_eye, layout_long_grid, erik_vaults_1, serial_shops, shop,
          minmay_between
D:15:     grunt_enter_depths_hoard, layout_loops_ring, serial_shops, shop_coins,
          nicolae_hexahallways
Lair:1:   layout_roguey, grunt_megastairs_5, serial_bayou_shore_b,
          lemuel_fruit_tree, infiniplex_staircase_pool
Lair:2:   layout_small_grid, elwin_shoals_entry_rocks,
          hangedman_lair_unloving_vines, chequers_serial_rivers_small_3,
          st_stairs_8, beast_lair_carwin_7, serial_bayou_shore_a
Lair:3:   layout_regular_city, hellmonk_spider_entry_life_and_decay,
          gauntlet_entry_generic, amcnicky_mini_pool_medium, grunt_megastairs_4,
          uniq_sonja, uniq_urug
Lair:4:   layout_gridlike
Lair:5:   grunt_lair_end_beastmaster, layout_small_grid,
          dpeg_slime_entry_enclosed
Spider:1: layout_chambers, hangedman_spider_tarantella_strand
Spider:2: layout_spider_delve, gammafunk_ghost_grave
Orc:1:    layout_diamond_mine
Orc:2:    st_orc_mages, layout_caves, elves_outpost_lemuel

Skill      XL: |  1  2  3  4  5  6  7  8  9 10 11 12 13 14 15 16 |
---------------+-------------------------------------------------+-----
Fighting       | 4 5 6 8 12 14 16 17 | 17.0
Axes           | 4 5 6 11 14 16 | 16.7
Armour         | 3 4 5 6 8 11 14 16 | 16.8
Dodging        | 3 4 5 |  5.4
Shields        | 6 13 16 | 16.5
Maces & Flails | 4 9 12 13 | 13.2

Action                   |  1- 3 |  4- 6 |  7- 9 | 10-12 | 13-15 | 16-18 || total
-------------------------+-------+-------+-------+-------+-------+-------++-------
Melee: Hand axe          |    53 |    89 |    39 |       |       |       ||   181
       Headbutt          |     6 |    19 |    57 |    93 |   250 |    38 ||   463
       Punch             |       |       |     2 |     2 |       |       ||     4
       War axe           |       |       |   318 |   414 |   188 |       ||   920
       Mace              |       |       |       |    53 |    31 |       ||    84
       Eveningstar       |       |       |       |       |   950 |   208 ||  1158
Throw: Dart              |       |       |     5 |       |       |       ||     5
Invok: Berserk           |     2 |     1 |     9 |    15 |    24 |     2 ||    53
       Trog's Hand       |       |     1 |    10 |    18 |    27 |     3 ||    59
  Use: Scroll            |       |     5 |    10 |    15 |    15 |       ||    45
       Potion            |       |       |     2 |     3 |     1 |     5 ||    11
Armor: Leather armour    |    22 |    12 |       |       |       |       ||    34
       Scale mail        |       |    31 |    12 |       |       |       ||    43
       Chain mail        |       |       |   118 |       |       |       ||   118
       Plate armour      |       |       |   146 |   377 |   883 |   260 ||  1666
Dodge: Dodged            |    29 |    50 |   213 |   115 |   345 |    92 ||   844
Block: Kite shield       |       |       |       |   326 |  1292 |   224 ||  1842
       Other             |       |       |       |    11 |       |       ||    11
       Reflection        |       |       |       |     9 |    32 |     1 ||    42
